 Dungeon Crawl Stone Soup version 0.22.1-2-g9c5b331 (webtiles) character file.

123 lysyklops the Shield-Bearer (level 4, -6/41 HPs)
             Began as a Minotaur Fighter on Dec 17, 2018.
             Killed by nerve-wracking pain
             ... invoked by Grinder
              (14 damage)
             ... on level 3 of the Dungeon.
             The game lasted 00:02:25 (1508 turns).

lysyklops the Shield-Bearer (Minotaur Fighter)      Turns: 1508, Time: 00:02:26

Health: -6/41      AC:  7    Str: 21    XL:     4   Next: 80%
Magic:  3/3        EV:  7    Int:  5    God:
Gold:   31         SH:  9    Dex: 10    Spells: 3/3 levels left

rFire    . . .     SeeInvis .   a - +0 long sword
rCold    . . .     Gourm    .   c - +0 shield
rNeg     . . .     Faith    .   b - +0 scale mail
rPois    .         Spirit   .   (helmet restricted)
rElec    .         Reflect  .   (no cloak)
rCorr    .         Harm     .   (no gloves)
MR       .....                  (no boots)
Stlth    ..........             (no amulet)
HPRegen  0.13/turn              (no ring)
MPRegen  0.08/turn              (no ring)

@: no status effects
A: retaliatory headbutt, horns 2
a: no special abilities


You were on level 3 of the Dungeon.
You were not hungry.

You visited 1 branch of the dungeon, and saw 3 of its levels.

You collected 31 gold pieces.

Inventory:

Hand Weapons
 a - a +0 long sword (weapon)
Armour
 b - a +0 scale mail (worn)
 c - a +0 shield (worn)
Scrolls
 e - a scroll of random uselessness {unknown}
 g - a scroll of enchant armour {unknown}
 h - 2 scrolls of remove curse {unknown}
 i - a scroll of blinking {unknown}
 j - a scroll of identify {unknown}
Potions
 d - a potion of might
 k - 2 potions of berserk rage {unknown}
 l - a potion of brilliance {unknown}
Comestibles
 f - 6 rations


   Skills:
 + Level 4.6 Fighting
 + Level 3.6 Long Blades
 + Level 4.5 Armour
 + Level 4.6 Shields


You had 3 spell levels left.
You didn't know any spells.
Your spell library was empty.

Dungeon Overview and Level Annotations

Branches:
Dungeon (3/15)

Altars:
Dithmenos
Elyvilon
Fedhas
Gozag
Sif Muna

Annotations:
D:3 Grinder


Innate Abilities, Weirdness & Mutations

You reflexively headbutt those who attack you in melee.
You have a pair of horns on your head.


Message History

You block Grinder's attack. Grinder gestures at you.
Pain shoots through your body!
You hit Grinder but do no damage.
Grinder is lightly wounded.
Grinder gestures at you. Pain shoots through your body!
* * * LOW HITPOINT WARNING * * *
You hit Grinder.
Grinder is lightly wounded.
Grinder hits you but does no damage.
You closely miss Grinder.
Grinder is lightly wounded.
Grinder barely misses you.
You closely miss Grinder. Your headbutt misses Grinder.
Grinder is lightly wounded.
Grinder hits you but does no damage. Grinder gestures at you.
Pain shoots through your body!
You die...

........##
.........#
.......).# ####
.........###..######
...................#
.)..........#..#####
.#..#.........##
#...<...####.#
#........ #@#
#........# #5#
#.........# #<#
#...#......##†##
#.†.# #...# #...#
##..# ##.####


You could see Grinder.

Vanquished Creatures
  Jessica (D:2)
  Natasha (D:3)
  2 adders (D:2)
  An ooze (D:1)
  A worm (D:2)
  A leopard gecko (D:1)
  An orc (D:3)
  A ball python (D:1)
  6 bats
  2 giant cockroaches
  5 goblins
  5 hobgoblins
  6 jackals
  A quokka (D:2)
  2 frilled lizards (D:2)
  5 kobolds
  7 rats
48 creatures vanquished.

Notes
Turn   | Place    | Note
-------+----------+-------------------------------------------
     0 | D:1      | lysyklops the Minotaur Fighter began the quest for the Orb.
     0 | D:1      | Reached XP level 1. HP: 19/19 MP: 0/0
    47 | D:1      | Reached XP level 2. HP: 24/27 MP: 1/1
   412 | D:1      | Reached XP level 3. HP: 33/33 MP: 2/2
   780 | D:2      | Found a blossoming altar of Fedhas.
   937 | D:2      | Noticed Jessica
   942 | D:2      | Killed Jessica
   942 | D:2      | Reached XP level 4. HP: 35/41 MP: 3/3
  1058 | D:2      | Found a faded altar of an unknown god.
  1058 | D:2      | Found a white marble altar of Elyvilon.
  1064 | D:2      | Found an opulent altar of Gozag.
  1066 | D:2      | Found a shadowy altar of Dithmenos.
  1076 | D:2      | Found a deep blue altar of Sif Muna.
  1343 | D:3      | Noticed Natasha
  1354 | D:3      | Killed Natasha
  1471 | D:3      | Noticed Grinder
  1490 | D:3      | Paralysed by Grinder for 4 turns
  1508 | D:3      | Killed from afar by Grinder

Skill      XL: |  1  2  3 |
---------------+----------+-----
Shields        | 4 |  4.6
Armour         | 4 |  4.5
Fighting       | 4 |  4.6
Long Blades    | 3 |  3.6

Action                   |  1- 3 |  4- 6 || total
-------------------------+-------+-------++-------
Melee: Long sword        |    99 |    46 ||   145
       Headbutt          |    13 |     5 ||    18
  Eat: Chunk             |       |     2 ||     2
Armor: Scale mail        |    49 |    15 ||    64
Dodge: Dodged            |    30 |     7 ||    37
Block: Shield            |    49 |    18 ||    67
       Rpst.: Long sword |    10 |       ||    10
